 Dungeon Crawl Stone Soup version 0.27-a0-597-g524d869a0f (webtiles) character file.

Game seed: 5564265902402818365

88 sahdkjhfkaj the Chiller (level 4, -1/24 HPs)
             Began as a Tengu Ice Elementalist on Mar 11, 2021.
             Slain by a goblin
             ... wielding a +0 club
              (6 damage)
             ... on level 3 of the Dungeon.
             The game lasted 00:02:52 (2225 turns).

sahdkjhfkaj the Chiller (Tengu Ice Elementalist)    Turns: 2225, Time: 00:02:53

Health: -1/24      AC:  2    Str:  8    XL:     4   Next: 53%
Magic:  2/9        EV:  9    Int: 17    God:
Gold:   76         SH:  0    Dex: 14    Spells: 8/9 levels left

rFire    . . .     SeeInvis .   b - +1 whip (elec)
rCold    . . .     Faith    .   (no shield)
rNeg     . . .     Spirit   .   a - +0 robe
rPois    .         Reflect  .   (helmet restricted)
rElec    .         Harm     .   (no cloak)
rCorr    .         Rampage  .   (no gloves)
Will     .....                  (boots unavailable)
Stlth    ++........             (no amulet)
HPRegen  0.08/turn              (no ring)
MPRegen  0.11/turn              (no ring)

@: lethally poisoned (-1 -> -6), flying, hasted, constricted, very quick
A: beak, talons 3
a: no special abilities


You were on level 3 of the Dungeon.
You visited 1 branch of the dungeon, and saw 3 of its levels.

You collected 76 gold pieces.

Inventory:

Hand Weapons
 b - a +1 whip of electrocution (weapon)
Missiles
 e - 8 silver javelins
 f - 6 javelins
Armour
 a - a +0 robe (worn)
 l - a +0 buckler
Jewellery
 i - a ring of willpower
 k - a ring of flight
Scrolls
 h - a scroll of immolation {unknown}
 j - a scroll of amnesia {unknown}
 o - a scroll of identify {unknown}
 F - a scroll of fog
Potions
 n - a potion of lignification {unknown}


   Skills:
 - Level 2.1 Dodging
 - Level 2.0 Stealth
 - Level 3.0 Spellcasting
 + Level 3.5 Conjurations
 - Level 4.0 Ice Magic


You had 8 spell levels left.
You knew the following spells:

 Your Spells              Type           Power      Damage    Failure   Level
a - Freeze                Ice            64%        1d8       3%          1

Your spell library contained the following spells:

 Spells                   Type           Power      Damage    Failure   Level
 Frozen Ramparts          Ice            32%        1d5       10%         3
 Ozocubu's Armour         Ice            16%        N/A       10%         3
 Hailstorm                Conj/Ice       15%        3d5       36%         4
 Summon Ice Beast         Ice/Summ       9%         N/A       58%         4


Dungeon Overview and Level Annotations

Branches:
Dungeon (3/15)

Altars:
Ashenzari
Cheibriados
Elyvilon
Zin

Shops:
D:2 *


Innate Abilities, Weirdness & Mutations

You have a beak for a mouth.
You have claws for feet.


Message History

Unknown command.
Casting: Freeze (safe; 3% risk of failure)
Confirm with . or Enter, or press ? or * to list all spells.
Aiming: Freeze (safe; 3% risk of failure)
Press: ? - help, Shift-Dir - straight line, f - frilled lizard
Aim: a frilled lizard You freeze the frilled lizard.
You kill the frilled lizard!
An orc priest comes into view.
As you read the scroll of fear, it crumbles to dust.
You assume a fearsome visage.
The orc priest looks frightened!
As you read the scroll of teleportation {@r3}, it crumbles to dust.
You feel strangely unstable.
Your surroundings suddenly seem different.
A ball python comes into view.
Found a red potion.
A worm comes into view.
The ball python hisses angrily.
An adder and a kobold come into view.
The kobold is quivering poisoned darts.
The kobold shouts!
A goblin comes into view. It is wielding a +0 club.
The adder hisses angrily.
The kobold throws a poisoned dart.
The poisoned dart hits you!
You are lethally poisoned!
It was a potion of flight.
You feel very buoyant.
You fly up into the air.
* * * LOW HITPOINT WARNING * * *
The kobold throws a poisoned dart.
The poisoned dart hits you!
You are more poisoned.
It was a potion of curing.
You feel better. The adder bites you.
* * * LOW HITPOINT WARNING * * *
You are lethally poisoned!
The adder poisons you!
Okay, then.
It was a potion of haste.
You feel yourself speed up.
* * * LOW HITPOINT WARNING * * *
The ball python grabs you. The ball python constricts you.
The goblin hits you with a +0 club.
You die...

#........+
#........#
#........#
#........# ##
#........# ...
#.!..w...# ....
#........#
.....
#.......S#....#
######..@g...#
#..KS.###
#.......#
#.......#
#.......#
........#
.........#
#.........#


You could see a worm, an adder, a goblin, a ball python and a kobold.

Vanquished Creatures
  A hound (D:2)
  An adder (D:2)
  An ooze (D:2)
  A dart slug (D:1)
  2 leopard geckos
  3 orcs (D:3)
  A giant cockroach (D:2)
  A goblin (D:1)
  3 hobgoblins
  6 jackals
  5 kobolds
  A quokka (D:3)
  A ball python (D:1)
  3 bats
  3 frilled lizards
  3 rats (D:1)
36 creatures vanquished.

Notes
Turn   | Place    | Note
-------+----------+-------------------------------------------
     0 | D:1      | sahdkjhfkaj the Tengu Ice Elementalist began the quest for
                  | the Orb.
     0 | D:1      | Reached XP level 1. HP: 10/10 MP: 4/4
   386 | D:1      | Reached skill level 4 in Ice Magic
   386 | D:1      | Reached XP level 2. HP: 15/15 MP: 4/6
  1163 | D:2      | Found a white marble altar of Elyvilon.
  1234 | D:2      | Reached XP level 3. HP: 14/19 MP: 2/8
  1485 | D:2      | Reached skill level 1 in Conjurations
  1620 | D:2      | Reached XP level 4. HP: 8/24 MP: 1/9
  1869 | D:2      | Found a white marble altar of Elyvilon.
  2015 | D:2      | Found Zin's Purification Station.
  2018 | D:2      | Found a glowing silver altar of Zin.
  2063 | D:2      | Found a snail-covered altar of Cheibriados.
  2182 | D:3      | Found a broken altar of Ashenzari.
  2225 | D:3      | Slain by a goblin

Illustrated notes

Levels and vault maps discovered:
D:1:      minmay_arrival_stair_chambers, layout_loops_corners
D:2:      layout_rooms, marbit_many_paths, overflow_temple_1_default,
          zin_purify, elyvilon_altar_4
D:3:      layout_basic, cheibrodos_ashenzari_chains,
          nicolae_gozag_cash_rules_everything_around_me, st_stairs_4,
          uniq_natasha, uniq_ijyb, uniq_jessica, uniq_grinder

Skill      XL: |  1  2  3 |
---------------+----------+-----
Ice Magic      | 4 |  4.0
Spellcasting   | 3 |  3.0
Conjurations   | 3 |  3.5
Dodging        | |  2.1
Stealth        | |  2.0

Action                   |  1- 3 |  4- 6 || total
-------------------------+-------+-------++-------
Melee: Unarmed           |     7 |     5 ||    12
       Kick              |     2 |       ||     2
       Peck              |     2 |       ||     2
 Cast: Freeze            |    44 |    14 ||    58
  Use: Scroll            |       |     5 ||     5
       Potion            |       |     3 ||     3
Armor: Robe              |     8 |     6 ||    14
Dodge: Dodged            |    38 |    27 ||    65

Table legend: (Time is in decaauts)
 A = Elapsed time spent in this place.
 B = Non-inter-level travel time spent in this place.
 C = Inter-level travel time spent in this place.
 D = Time resting spent in this place.
 E = Time spent auto-exploring this place.
 F = Levels seen in this place.
 G = Mean time per level.
                   A        B        C        D        E       F      G
               +--------+--------+--------+--------+--------+-----+--------+
         Total |   2226 |   2175 |     51 |      0 |   1914 |   3 |  742.0 |
       Dungeon |   2226 |   2175 |     51 |      0 |   1914 |   3 |  742.0 |
               +--------+--------+--------+--------+--------+-----+--------+

Top non-repeatable levels by time:
     D:1: 1357 daAuts
     D:2: 826 daAuts
     D:3: 42 daAuts
